 Dungeon Crawl Stone Soup version 0.29.0-4-gdea44cf6ec (webtiles) character file.

Game seed: 15665526353271499754

0 LynnLen the Sneak (level 1, 0/9 HPs)
             Began as a Spriggan Enchanter on Aug 27, 2022.
             Succumbed to a kobold's poison
             ... on level 1 of the Dungeon.
             The game lasted 00:00:17 (76 turns).

LynnLen the Sneak (Spriggan Enchanter)                Turns: 76, Time: 00:00:18

Health: 0/9        AC:  2    Str:  4    XL:     1   Next: 8%
Magic:  5/5        EV: 17    Int: 16    God:
Gold:   0          SH:  0    Dex: 15    Spells: 5/5 levels left

rFire   . . .      SeeInvis +   a - +1 dagger
rCold   . . .      Faith    .   (no shield)
rNeg    . . .      Spirit   .   b - +0 robe
rPois   .          Reflect  .   (helmet restricted)
rElec   .          Harm     .   (no cloak)
rCorr   .          Rampage  .   (gloves unavailable)
Will    .....                   (boots unavailable)
Stlth   +++.......              (no amulet)
HPRegen 0.03/turn               (no ring)
MPRegen 0.09/turn               (no ring)

@: lethally poisoned (0 -> -10), very quick
A: very small, no large weapons, unfitting armour, see invisible, speed 3
a: no special abilities


You were on level 1 of the Dungeon.
You visited 1 branch of the dungeon, and saw 1 of its levels.

Inventory:

Hand Weapons
 a - a +1 dagger (weapon)
Armour
 b - a +0 robe (worn)
Potions
 c - 2 potions of invisibility


   Skills:
 + Level 0.0 Fighting
 - Level 1.1 Short Blades
 - Level 2.6 Dodging
 + Level 4.4 Stealth
 + Level 2.7 Spellcasting
 + Level 3.6 Hexes


You had 5 spell levels left.
You didn't know any spells.
Your spell library contained the following spells:

 Spells                   Type           Power      Damage    Failure   Level
 Confusing Touch          Hex            13%        N/A       13%         3
 Tukima's Dance           Hex            13%        N/A       13%         3
 Ensorcelled Hibernation  Hex/Ice        16%        N/A       14%         2
 Dazzling Flash           Conj/Hex       16%        N/A       26%         3


Dungeon Overview and Level Annotations

Branches:
Dungeon (1/15)

Altars:


Innate Abilities, Weirdness & Mutations

You are very small and have problems with some larger weapons.
You are too small for most types of armour.
You have supernaturally acute eyesight. (SInv)
You cover ground extremely quickly. (Speed+++)


Message History

There is a fountain of clear blue water here.
There is a fountain of clear blue water here.
There is a fountain of clear blue water here.
There is a fountain of clear blue water here.
There is a fountain of clear blue water here.
There is a fountain of clear blue water here.
Found a spear.
You see here a +0 spear.
A frilled lizard comes into view.
The frilled lizard hisses angrily.
A frilled lizard is nearby!
You see here 13 gold pieces.
A kobold comes into view. It is wielding a +2 dagger of venom.
You barely miss the frilled lizard. The frilled lizard bites you.
You barely miss the frilled lizard. The frilled lizard bites you.
You completely miss the frilled lizard. The frilled lizard misses you.
You miss the frilled lizard.
The kobold shouts!
You hear an angry hiss.
The frilled lizard bites you.
You hit the frilled lizard.
You kill the frilled lizard!
A bat comes into view.
A ball python comes into view.
A frilled lizard comes into view.
The ball python moves out of view.
You see here a frilled lizard corpse.
The bat attacks as you move away! The bat hits you. The bat closely misses you.
You see here a +0 spear.
You barely miss the bat. The bat hits you but does no damage.
The bat hits you but does no damage.
You barely miss the kobold. The bat completely misses you.
The kobold barely misses you.
You completely miss the kobold. The bat completely misses you.
The kobold hits you with a +2 dagger of venom.
You are lethally poisoned!
Okay, then.
Unknown command.
* * * LOW HITPOINT WARNING * * *
You feel sick.
You closely miss the bat.
You die...

................
#†.## ##l$#
#..## #...#
#.#.....#
#K#####..
##.########
#..@b......
#.######...
#♣♣.♣♣##
##♣♣...♣..♣##
#§.♣♣♣..♣♣.§#
#∩♣..⌠.⌠♣♣♣.#
##..♣⌠...⌠..♣#
#.♣♣⌠..8..⌠♣♣♣#
#♣.⌠.......⌠..#


You could see a bat, a kobold and a frilled lizard.

Vanquished Creatures
  A frilled lizard (D:1)
1 creature vanquished.

Notes
Turn   | Place    | Note
-------+----------+-------------------------------------------
     0 | D:1      | LynnLen the Spriggan Enchanter began the quest for the Orb.
     0 | D:1      | Reached XP level 1. HP: 9/9 MP: 5/5
    76 | D:1      | Succumbed to a kobold's poison

Illustrated notes

Levels and vault maps discovered:
D:1:      heliophobic_arrival_enchanted_forest, layout_basic, serial_shops,
          nicolae_shop_behind_doors

Action                   || total
-------------------------++-------
Melee: Dagger            ||     9
Armor: Robe              ||     2
Dodge: Dodged            ||     5
